 Dungeon Crawl Stone Soup version 0.25-a0-317-g5f8687bca5 (webtiles) character file.

Game seed: 18146217645014206279, levelgen mode: deterministic

187 Grimalkyne the Poker (level 5, 0/41 HPs)
             Began as a Merfolk Skald on Dec 26, 2019.
             Slain by a gnoll
             ... wielding a +0 halberd of protection
              (11 damage)
             ... on level 3 of the Dungeon.
             The game lasted 00:09:45 (2792 turns).

Grimalkyne the Poker (Merfolk Skald)                Turns: 2792, Time: 00:09:45

Health: 0/41       AC:  7    Str: 11    XL:     5   Next: 66%
Magic:  2/8        EV:  9    Int: 13    God:
Gold:   134        SH:  0    Dex: 14    Spells: 2/8 levels left

rFire    . . .     SeeInvis .   a - +0 spear
rCold    . . .     Gourm    .   (no shield)
rNeg     . . .     Faith    .   x - +0 scale mail
rPois    .         Spirit   .   (no helmet)
rElec    .         Reflect  .   j - +0 cloak
rCorr    .         Harm     .   (no gloves)
MR       .....                  (no boots)
Stlth    ..........             (no amulet)
HPRegen  0.13/turn              (no ring)
MPRegen  0.11/turn              (no ring)

@: no status effects
A: change form in water, swift swim, stealthy swim
a: no special abilities


You were on level 3 of the Dungeon.
You were not hungry.

You visited 1 branch of the dungeon, and saw 3 of its levels.

You collected 134 gold pieces.

Inventory:

Hand Weapons
 a - a +0 spear (weapon)
Missiles
 e - 87 stones (quivered)
 v - 12 poisoned darts
Armour
 b - a +0 leather armour
 j - a +0 cloak (worn)
 t - a +2 buckler
 x - a +0 scale mail (worn)
Jewellery
 n - a cursed amulet of inaccuracy {unknown}
Scrolls
 f - a scroll of fear {unknown}
 k - a scroll of blinking {unknown}
 p - a scroll of magic mapping {unknown}
 q - a scroll of noise {unknown}
 s - 2 scrolls of identify {unknown}
 w - 2 scrolls of teleportation {unknown}
 y - a scroll of enchant weapon {unknown}
Potions
 c - a potion of ambrosia {unknown}
 g - a potion of might {unknown}
 i - 2 potions of brilliance {unknown}
 l - a potion of magic {unknown}
 m - a potion of heal wounds {unknown}
 o - 2 potions of flight {unknown}
 r - 2 potions of agility {unknown}
 u - a potion of degeneration {unknown}
Comestibles
 d - 7 rations
 h - 2 chunks of flesh


   Skills:
 + Level 3.3 Fighting
 - Level 6.3 Polearms
 - Level 0.6 Armour
 - Level 3.0 Dodging
 - Level 0.4 Shields
 - Level 2.0 Spellcasting
 + Level 2.1 Hexes
 - Level 3.3 Charms


You had 2 spell levels left.
You knew the following spells:

 Your Spells              Type           Power        Failure   Level  Hunger
a - Infusion              Chrm           #...         38%         1    ##.....
b - Shroud of Golubria    Chrm/Tloc      #.....       77%         2    ###....
c - Spectral Weapon       Hex/Chrm       #.......     83%         3    ####...

Your spell library contained the following spells:

 Spells                   Type           Power        Failure   Level  Hunger
 Song of Slaying          Chrm           #.......     52%         2    ###....
 Regeneration             Chrm/Necr      #.........   94%         3    ####...


Dungeon Overview and Level Annotations

Branches:
Dungeon (3/15)

Altars:

Annotations:
D:2 Sigmund


Message History

The gnoll hits you with a +0 halberd of protection.
You hit the gnoll.
The gnoll is heavily wounded.
You are no longer magically infusing your attacks.
The gnoll hits you with a +0 halberd of protection!
* * * LOW HITPOINT WARNING * * *
You hit the gnoll but do no damage.
The gnoll is heavily wounded.
You hit the gnoll.
The gnoll is severely wounded.
The gnoll barely misses you.
You hit the gnoll.
The gnoll is severely wounded.
The gnoll closely misses you.
You hit the gnoll.
The gnoll is almost dead.
You hit the gnoll but do no damage.
The gnoll is almost dead.
The gnoll hits you with a +0 halberd of protection!
You die...

#.#.## #.. ....#
#.# #.### #.#
...# #.# ...#
#.# ...# ##.##
...# #...#
...####
###g#########
....>.#
#.@.......#
......# # #
####......#
....###.#
#.###.......#
........#
#...........#
### ........#
#...........#
#.. ..)####.#
#.###..######
#.# ...# # #
####.###### #.#
...# #.##......#
#.# ...#
######.....###.#
#.#


You could see a gnoll.

Vanquished Creatures
  An orc priest (D:3)
  Jessica (D:2)
  2 adders
  2 gnolls (D:3)
  2 oozes
  3 worms
  2 dart slugs (D:1)
  2 leopard geckos
  3 orcs (D:3)
  A bat skeleton (D:2)
  A bat zombie (D:2)
  3 giant cockroaches
  9 goblins
  6 hobgoblins
  A quokka (D:3)
  2 ball pythons
  7 bats
  5 frilled lizards
  11 kobolds
  9 rats
73 creatures vanquished.

Notes
Turn   | Place    | Note
-------+----------+-------------------------------------------
     0 | D:1      | Grimalkyne the Merfolk Skald began the quest for the Orb.
     0 | D:1      | Reached XP level 1. HP: 16/16 MP: 3/3
    60 | D:1      | Reached skill level 4 in Polearms
    60 | D:1      | Reached XP level 2. HP: 13/22 MP: 5/5
   225 | D:1      | Learned a level 2 spell: Shroud of Golubria
   789 | D:1      | Reached skill level 5 in Polearms
   789 | D:1      | Reached XP level 3. HP: 27/27 MP: 6/6
   794 | D:1      | Learned a level 3 spell: Spectral Weapon
  1273 | D:2      | Noticed Jessica
  1279 | D:2      | Killed Jessica
  1279 | D:2      | Reached skill level 6 in Polearms
  1279 | D:2      | Reached XP level 4. HP: 31/33 MP: 3/7
  1600 | D:2      | Found a faded altar of an unknown god.
  1618 | D:2      | Noticed Sigmund
  1983 | D:3      | Reached skill level 1 in Hexes
  2246 | D:3      | Reached XP level 5. HP: 30/40 MP: 3/8
  2792 | D:3      | Slain by a gnoll

Levels and vault maps discovered:
D:1:      saegor_arrival_simple_b, layout_basic
D:2:      layout_rooms, marbit_many_paths, serial_undead, serial_undead_d,
          serial_undead_a, serial_undead_f, serial_undead_a,
          chequers_ecumenical_altar_island, nicolae_dithmenos_shadow_blocks,
          uniq_jessica, uniq_sigmund
D:3:      layout_loops_cross, first_ration, bh_walls_and_bars

Skill      XL: |  1  2  3  4  5 |
---------------+----------------+-----
Polearms       | 4 5 6 |  6.3
Dodging        | 3 |  3.0
Hexes          | 1 2 |  2.1
Fighting       | 3 |  3.3
Armour         | |  0.6
Shields        | |  0.4
Spellcasting   | |  2.0
Charms         | |  3.3

Action                   |  1- 3 |  4- 6 || total
-------------------------+-------+-------++-------
Melee: Spear             |   131 |   219 ||   350
Throw: Stone             |       |     2 ||     2
 Cast: Infusion          |     2 |     4 ||     6
 Stab: Sleeping          |     2 |       ||     2
  Eat: Chunk             |     1 |     5 ||     6
Armor: Leather armour    |    27 |    32 ||    59
       Scale mail        |       |    24 ||    24
Dodge: Dodged            |    54 |   100 ||   154
Block: Buckler           |       |    12 ||    12

Table legend:
 A = Non-vault XP
 B = Vault XP
 C = Vault XP percentage of total XP
 D = Non-vault monster count
 E = Vault monster count
 F = Vault count percentage of total count
                 A         B        C        D         E       F
            +---------+---------+-------+---------+---------+-------
      Total |     227 |      41 |  15.3 |      70 |       3 |   4.1
            +---------+---------+-------+---------+---------+-------
        D:1 |      53 |       0 |   0.0 |      29 |       0 |   0.0
        D:2 |      46 |      41 |  47.1 |      18 |       3 |  14.3
        D:3 |     128 |       0 |   0.0 |      23 |       0 |   0.0
            +---------+---------+-------+---------+---------+-------
